 Dungeon Crawl Stone Soup version bcrawl-1.21.3 (webtiles) character file.

Game seed: 7219285723736013411

7724 Flugkiller the Stinger (level 11, -4/89 HPs)
             Began as an Oni Wizard on Mar 27, 2020.
             Was a Priest of Cheibriados.
             Splashed by an oklob plant's acid (11 damage)
             ... on level 2 of the Lair of Beasts.
             The game lasted 00:30:41 (11381 turns).

Flugkiller the Stinger (Oni Wizard)                Turns: 11381, Time: 00:30:42

Health: -4/89      AC:  1    Str: 18    XL:     11   Next: 19%
Magic:  20/34      EV: 28    Int: 31    God:    Cheibriados [***...]
Gold:   553        SH:  0    Dex: 18    Spells: 9/26 levels left

rFire    . . .     SeeInvis .     - Unarmed
rCold    . . .     Gourm    .   (no shield)
rNeg     . . .     Faith    .   I - +0 scale mail
rPois    .         Spirit   .   c - +0 hat
rElec    .         Reflect  .   (no cloak)
rCorr    .         Harm     .   h - +1 pair of gloves
MR       +....                  k - +0 pair of boots
Stlth    +.........             b - amulet of the acrobat
HPRegen  0.24/turn              n - ring of magical power
MPRegen  0.24/turn              G - ring of protection from magic

@: corroded, very slow
A: oni magic, claws 1, fangs 1, horns 1
a: Bend Time, Temporal Distortion, Renounce Religion


You were on level 2 of the Lair of Beasts.
You worshipped Cheibriados.
Cheibriados was most pleased with you.
You were not hungry.

You visited 3 branches of the dungeon, and saw 10 of its levels.
You also visited: Sewer.

You collected 553 gold pieces.

Inventory:

Hand Weapons
 a - a +1 staff
 E - a +0 trident
Missiles
 q - 64 curare-tipped needles (quivered)
Armour
 c - a +0 hat (worn)
 h - a +1 pair of gloves (worn)
 k - a +0 pair of boots (worn)
 u - a +0 plate armour
 I - a +0 scale mail (worn)
Magical Staves
 t - an uncursed staff of earth {unknown}
Jewellery
 b - an amulet of the acrobat (around neck)
 n - a ring of magical power (left hand)
 v - an uncursed ring of stealth
 w - a cursed ring of attention {unknown}
 F - a +5 ring of strength
 G - a ring of protection from magic (right hand)
 M - an uncursed ring of insulation {unknown}
Wands
 r - a wand of polymorph (14)
 K - a wand of paralysis (6)
Scrolls
 d - 2 scrolls of magic mapping
 m - 4 scrolls of enchant weapon
 o - a scroll of fog
 s - a scroll of blinking
 y - a scroll of amnesia
 C - a scroll of remove curse {unknown}
 D - a scroll of fear {unknown}
 H - a scroll of immolation {unknown}
 J - a scroll of teleportation
 P - a scroll of identify
Potions
 f - 5 potions of brilliance
 g - a potion of mutation
 i - a potion of invisibility {unknown}
 j - a potion of magic {unknown}
 l - a potion of ambrosia {unknown}
 p - a potion of agility {unknown}
 x - 3 potions of heal wounds
 z - 3 potions of might
 A - 4 potions of curing
 B - 2 potions of flight
 L - a potion of lignification {unknown}
 N - 2 potions of haste {unknown}
Comestibles
 e - 15 rations {!d}


   Skills:
 + Level 5.9 Fighting
 + Level 6.1 Dodging
 - Level 1.7 Stealth
 - Level 8.0 Unarmed Combat
 + Level 8.3 Spellcasting
   Level 8.3 Conjurations
   Level 8.3 Hexes
   Level 8.3 Charms
   Level 8.3 Summonings
   Level 8.3 Necromancy
   Level 8.3 Translocations
   Level 8.3 Transmutations
   Level 8.3 Fire Magic
   Level 8.3 Ice Magic
   Level 8.3 Air Magic
   Level 8.3 Earth Magic
   Level 8.3 Poison Magic
 + Level 4.8 Invocations


You had 9 spell levels left.
You knew the following spells:

 Your Spells              Type           Power        Failure   Level  Hunger
a - Magic Dart            Conj           ####         1%          1    None
b - Spider Form           Tmut/Pois      ###          1%          3    None
c - Conjure Flame         Conj/Fire      ######..     1%          3    None
d - Mephitic Cloud        Conj/Pois/Air  ######..     1%          3    None
e - Lee's Rapid Deconstr  Erth           ######....   7%          5    ####...
r - Blink                 Tloc           N/A          1%          2    None

Your spell library contained the following spells:

 Spells                   Type           Power        Failure   Level  Hunger
 Apportation              Tloc           ######       1%          1    None
 Call Imp                 Summ           ######       1%          2    None
 Ensorcelled Hibernation  Hex/Ice        ######       1%          2    None
 Throw Frost              Conj/Ice       ######       1%          2    None
 Animate Dead             Necr           N/A          2%          4    None


Dungeon Overview and Level Annotations

Branches:
Dungeon (7/12)             Temple (1/1) D:5            Lair (2/6) D:7
  Swamp: Lair:2-4    Shoals: Lair:2-4     Snake: Lair:2-4    Spider: Lair:2-4

Altars:
Cheibriados
Dithmenos
Elyvilon
Fedhas
Gozag
Hepliaklqana
Makhleb
Nemelex Xobeh
Okawaru
Qazlal
Ru
Sif Muna
Uskayaw
Vehumet
Wu Jian
Xom
Yredelemnul
Zin

Shops:
D:7 *

Annotations:
D:2 Terence
Lair:2 exclusion: 2 oklob plants


Innate Abilities, Weirdness & Mutations

You learn spells by gaining experience, not through books or religion.
You only train spellcasting to practice magic.
You have sharp fingernails.
You have very sharp teeth.
You have a pair of small horns on your head.


Message History

The blast of rock fragments hits the oklob plant!
The oklob plant is heavily damaged.
The oklob plant spits acid at you. The splash of acid hits you!
The acid corrodes you!
You are splashed with acid!
Unknown command.
Evoke which item? (* to show all) (? for menu, Esc to quit)
Aiming: Paralyse
Press: ? - help, Shift-Dir - straight line, f - oklob plant
Aim: an oklob plant (heavily damaged, chance to defeat MR: 28%)
The oklob plant easily resists.
The oklob plant spits acid at you. The splash of acid hits you!
You are splashed with acid!
The oklob plant spits acid at you. The splash of acid hits you!
You are splashed with acid!
* * * LOW HITPOINT WARNING * * *
The oklob plant spits acid at you. The splash of acid hits you!
* * * LOW HITPOINT WARNING * * *
The acid corrodes you!
You are splashed with acid!
You die... #P.P...P.....P...# ##P.P.PPPPP.PPPP.P# #...P...P.......P# ..P.P.PPP.PPP.P##### ..P.....P.P...P###.###### ..PPPPPPPPP.PPP#...P.$..#

..###.###...P.P#.....$P.#
...#####..#.#.##....P.(.#
...###.......##.@#.#..###
.....#..........#### ##
..#..........†.##
...##.........##
.####..........# .#
)..........# ##
...........# ..
..........## ...
..........


You could see 2 oklob plants.

Vanquished Creatures
  A hydra (Lair:1)
  A black mamba (Lair:1)
  A komodo dragon (Lair:1)
  A slime creature (D:6)
  A hippogriff (Lair:1)
  4 blink frogs (Lair:1)
  Sigmund (D:3)
  8 yaks
  A hungry ghost (D:7)
  A basilisk (Lair:2)
  A crocodile (Lair:1)
  2 water moccasins
  4 porcupines
  3 orc warriors
  A sky beast (D:5)
  2 ogres
  2 phantoms
  6 big kobolds (Sewer)
  2 bullfrogs
  4 scorpions
  4 wights (D:7)
  7 electric eels (D:7)
  2 howler monkeys (D:6)
  2 bullfrog zombies (D:5)
  A centaur zombie (D:4)
  3 crimson imps
  A jelly (D:7)
  6 orc priests
  2 hounds
  A gnoll shaman (D:4)
  2 orc wizards
  A centaur skeleton (D:6)
  Ijyb (D:3)
  Natasha (thrice) (D:3)
  2 iguanas
  7 worker ants
  A hound zombie (D:7)
  A hound skeleton (D:7)
  A worker ant zombie (D:5)
  4 gnolls (D:4)
  9 adders
  A howler monkey skeleton (D:5)
  A shadow imp (D:6)
  An ooze (Sewer)
  An adder skeleton (D:6)
  3 adder zombies
  2 worms
  2 dart slugs (D:1)
  3 leopard geckos
  11 orcs
  A ball python (Sewer)
  17 bats
  5 giant cockroaches
  A goblin (D:2)
  9 hobgoblins
  7 jackals
  3 quokkas
  2 frilled lizards (D:1)
  A jackal zombie (D:5)
  17 kobolds
  A leopard gecko skeleton (D:6)
  11 rats
  A plant (Lair:2)
209 creatures vanquished.

Vanquished Creatures (others)
  7 fungi (D:6)
  A plant (Lair:2)
8 creatures vanquished.

Grand Total: 217 creatures vanquished

Notes
Turn   | Place    | Note
-------+----------+-------------------------------------------
     0 | D:1      | Flugkiller the Oni Wizard began the quest for the Orb.
     0 | D:1      | Reached XP level 1. HP: 14/14 MP: 5/5
   121 | D:1      | Reached skill level 1 in Fighting
   140 | D:1      | Reached XP level 2. HP: 23/23 MP: 1/7
  1013 | D:1      | Reached XP level 3. HP: 23/28 MP: 1/9
  1305 | D:1      | Learned a level 3 spell: Conjure Flame
  1309 | D:1      | Learned a level 3 spell: Mephitic Cloud
  2063 | D:2      | Found a blossoming altar of Fedhas.
  2192 | D:2      | Noticed Terence
  2228 | D:2      | Found an ornate altar of the Wu Jian Council.
  2311 | D:2      | Reached XP level 4. HP: 26/35 MP: 10/10
  2542 | D:3      | Noticed Natasha
  2548 | D:3      | Killed Natasha
  2625 | D:3      | Noticed Natasha
  2632 | D:3      | Killed Natasha
  2737 | D:3      | Reached XP level 5. HP: 40/40 MP: 12/12
  2753 | D:3      | Noticed Sigmund
  2867 | D:3      | Killed Sigmund
  2867 | D:3      | Reached XP level 6. HP: 45/47 MP: 6/15
  3011 | D:3      | Noticed Ijyb
  3141 | D:3      | Killed Ijyb
  3233 | D:3      | Noticed Natasha
  3308 | D:3      | Killed Natasha
  3539 | D:4      | Found a hide-covered altar of Uskayaw.
  3560 | D:4      | Reached skill level 5 in Spellcasting
  3682 | D:4      | Reached XP level 7. HP: 52/52 MP: 17/17
  3739 | D:4      | Found a glowing drain.
  3876 | Sewer    | Entered a sewer
  4224 | Sewer    | Reached XP level 8. HP: 44/59 MP: 19/19
  5091 | D:5      | Entered Level 5 of the Dungeon
  5351 | D:5      | Found a staircase to the Ecumenical Temple.
  5364 | Temple   | Entered the Ecumenical Temple
  5605 | Temple   | Became a worshipper of Cheibriados the Contemplative
  6444 | D:6      | Learned a level 2 spell: Blink
  6636 | D:6      | Reached XP level 9. HP: 57/64 MP: 21/23
  6706 | D:6      | Reached skill level 1 in Unarmed Combat
  7034 | D:6      | Reached * piety under Cheibriados
  7361 | D:6      | Learned a level 3 spell: Spider Form
  7579 | D:6      | Reached ** piety under Cheibriados
  7704 | D:6      | Reached skill level 5 in Fighting
  8260 | D:7      | Found a staircase to the Lair.
  8277 | D:7      | Found Puzen's General Store.
  8323 | D:7      | Reached skill level 5 in Unarmed Combat
  8323 | D:7      | Reached XP level 10. HP: 81/81 MP: 13/24
  8941 | D:7      | Found a shimmering blue altar of Sif Muna.
  9663 | D:7      | Reached *** piety under Cheibriados
  9854 | Lair:1   | Entered Level 1 of the Lair of Beasts
  9972 | Lair:1   | Noticed a seven-headed hydra
  9986 | Lair:1   | Killed a seven-headed hydra
 10239 | Lair:1   | Reached skill level 5 in Dodging
 10448 | Lair:1   | Noticed a black mamba
 10456 | Lair:1   | Killed a black mamba
 10709 | Lair:1   | Found an ornate altar of the Wu Jian Council.
 10721 | Lair:1   | Reached XP level 11. HP: 73/88 MP: 25/25
 10979 | Lair:1   | Learned a level 5 spell: Lee's Rapid Deconstruction
 11205 | Lair:2   | Noticed an oklob plant
 11205 | Lair:2   | Noticed an oklob plant
 11381 | Lair:2   | Splashed by an oklob plant's acid

Skill      XL: |  1  2  3  4  5  6  7  8  9 10 11 |
---------------+----------------------------------+-----
Fighting       | 1 5 |  5.9
Spellcasting   | 3 4 5 6 8 |  8.3
Unarmed Combat | 5 8 |  8.0
Invocations    | 3 4 |  4.8
Dodging        | 3 5 6 |  6.1
Stealth        | |  1.7
Conjurations   | |  8.3
Hexes          | |  8.3
Charms         | |  8.3
Summonings     | |  8.3
Necromancy     | |  8.3
Translocations | |  8.3
Transmutations | |  8.3
Fire Magic     | |  8.3
Ice Magic      | |  8.3
Air Magic      | |  8.3
Earth Magic    | |  8.3
Poison Magic   | |  8.3

Action                   |  1- 3 |  4- 6 |  7- 9 | 10-12 || total
-------------------------+-------+-------+-------+-------++-------
Melee: Staff             |    12 |       |       |       ||    12
       Headbutt          |     1 |     1 |    39 |       ||    41
       Dagger            |       |     4 |   186 |       ||   190
       Bite              |       |       |    21 |       ||    21
       Unarmed           |       |       |    31 |   141 ||   172
       Punch             |       |       |     1 |       ||     1
 Cast: Magic Dart        |   105 |    64 |   287 |    60 ||   516
       Conjure Flame     |     1 |     2 |    16 |     4 ||    23
       Mephitic Cloud    |       |     4 |     7 |     3 ||    14
       Spider Form       |       |       |       |     3 ||     3
       Lee's Rapid Decon |       |       |       |    12 ||    12
Invok: Bend Time         |       |       |       |     3 ||     3
 Abil: End Transformatio |       |       |       |     3 ||     3
Evoke: Wand              |       |       |     3 |     1 ||     4
  Use: Scroll            |       |     1 |     7 |     4 ||    12
       Potion            |       |       |       |     2 ||     2
 Stab: Sleeping          |       |       |     2 |     2 ||     4
       Confused          |       |       |     4 |       ||     4
       Distracted        |       |       |       |     1 ||     1
  Eat: Chunk             |     4 |     5 |     9 |     5 ||    23
       Ration            |       |       |     1 |     1 ||     2
Armor: Animal skin       |     4 |     5 |    51 |       ||    60
       Scale mail        |       |       |    44 |     3 ||    47
       Skin              |       |       |       |     3 ||     3
Dodge: Dodged            |    28 |    12 |   156 |   136 ||   332
